 Dungeon Crawl Stone Soup version 0.29-a0-416-g83a48905f1 (webtiles) character file.

Game seed: 15882087416620314825

7 Parzival711 the Skirmisher (level 1, -4/18 HPs)
             Began as a Demonspawn Berserker on May 16, 2022.
             Was a Follower of Trog.
             Frozen to death by an endoplasm (5 damage)
             ... on level 1 of the Dungeon.
             The game lasted 00:00:15 (226 turns).

Parzival711 the Skirmisher (Demonspawn Berserker)    Turns: 226, Time: 00:00:16

Health: -4/18      AC:  2    Str: 17    XL:     1   Next: 91%
Magic:  1/1        EV: 12    Int:  8    God:    Trog [*.....]
Gold:   20         SH:  0    Dex: 12    Spells: 0/0 levels left

rFire   . . .      SeeInvis .   a - +0 hand axe
rCold   . . .      Faith    .   (no shield)
rNeg    . . .      Spirit   .   b - +0 animal skin
rPois   .          Reflect  .   (no helmet)
rElec   .          Harm     .   (no cloak)
rCorr   .          Rampage  .   (no gloves)
Will    .....                   (no boots)
Stlth   +.........              (no amulet)
HPRegen 0.06/turn               (no ring)
MPRegen 0.07/turn               (no ring)

@: no status effects
A: no striking features
a: Renounce Religion, Berserk


You were on level 1 of the Dungeon.
You worshipped Trog.
Trog was aware of your devotion.
You visited 1 branch of the dungeon, and saw 1 of its levels.

You collected 20 gold pieces.

Inventory:

Hand Weapons
 a - a +0 hand axe (weapon)
Armour
 b - a +0 animal skin (worn)


   Skills:
 + Level 3.2 Fighting
 + Level 2.9 Axes
 + Level 1.9 Armour
 + Level 1.8 Dodging


You couldn't memorise any spells.
You didn't know any spells.
Your spell library was empty.

Dungeon Overview and Level Annotations

Branches:
Dungeon (1/15)

Altars:


Message History

You see here a frilled lizard corpse.
Found a short sword.
An endoplasm comes into view.
The endoplasm quivers.
A jackal comes into view.
The endoplasm freezes you.
You are frozen.
The endoplasm barely misses you.
The jackal barks!
You hear a bark! x2
The endoplasm freezes you.
You are frozen.
The endoplasm attacks as you move away!
The endoplasm barely misses you. 2 jackals come into view.
Found 2 scrolls labelled VUGIUX DEWA.
The jackal barks! x2
The jackal bites you. The endoplasm barely misses you. The jackal misses you.
The endoplasm freezes you.
You are frozen.
The jackal barely misses you.
You hit the jackal.
The jackal is almost dead.
You hit the endoplasm. The endoplasm freezes you.
You are frozen.
* * * LOW HITPOINT WARNING * * *
The jackal bites you.
* * * LOW HITPOINT WARNING * * *
You barely miss the jackal. You hit the jackal.
You hit the endoplasm but do no damage.
The jackal bites you but does no damage.
The jackal barely misses you. The endoplasm closely misses you.
Unknown command.
You barely miss the jackal. You hit the jackal. You barely miss the endoplasm.
The jackal bites you.
* * * LOW HITPOINT WARNING * * *
The jackal bites you.
* * * LOW HITPOINT WARNING * * *
The endoplasm freezes you.
You are frozen.
You die...

......#.#.............
................#.....
................#.....
................#.
..................
..................
.............#..#.
.$............)...
..........@..#..#
.........Jhh.#
..........h..#
.............#
................
.................
...............#
.................
........?........


You could see an endoplasm and 3 jackals.

Vanquished Creatures
  An endoplasm (D:1)
  A goblin (D:1)
  A hobgoblin (D:1)
  2 ball pythons (D:1)
  A frilled lizard (D:1)
  A rat (D:1)
7 creatures vanquished.

Notes
Turn   | Place    | Note
-------+----------+-------------------------------------------
     0 | D:1      | Parzival711 the Demonspawn Berserker began the quest for
                  | the Orb.
     0 | D:1      | Reached XP level 1. HP: 18/18 MP: 1/1
   226 | D:1      | Frozen to death by an endoplasm

Illustrated notes

Levels and vault maps discovered:
D:1:      dpeg_arrival_ratfight, layout_basic, serial_shops,
          nicolae_shop_crystal, wad_floor_pattern_1

Action                   || total
-------------------------++-------
Melee: Hand axe          ||    17
Armor: Animal skin       ||     2
Dodge: Dodged            ||    18

Table legend: (Time is in decaauts)
 A = Elapsed time spent in this place.
 B = Non-inter-level travel time spent in this place.
 C = Inter-level travel time spent in this place.
 D = Time resting spent in this place.
 E = Time spent auto-exploring this place.
 F = Levels seen in this place.
 G = Mean time per level.
                   A        B        C        D        E       F      G
               +--------+--------+--------+--------+--------+-----+--------+
         Total |    228 |    228 |      0 |      0 |    167 |   1 |  228.0 |
       Dungeon |    228 |    228 |      0 |      0 |    167 |   1 |  228.0 |
               +--------+--------+--------+--------+--------+-----+--------+

Top non-repeatable levels by time:
     D:1: 228 daAuts
